 Dungeon Crawl Stone Soup version 0.18-b1-22-ge198996 (webtiles) character file.

116 GreamJoe the Skirmisher (level 5, -5/42 HPs)
             Began as a Hill Orc Abyssal Knight on May 3, 2016.
             Was a Believer of Lugonu.
             Slain by a worm (7 damage)
             ... on level 3 of the Dungeon.
             The game lasted 00:09:06 (1969 turns).

GreamJoe the Skirmisher (Hill Orc Abyssal Knight)   Turns: 1969, Time: 00:09:07

Health: -5/42      AC: 13    Str: 14 (16) XL:     5   Next: 1%
Magic:  6/6        EV:  4    Int: 10 (12) God:    Lugonu [**....]
Gold:   143        SH:  0    Dex: 10      Spells: 0 memorised, 4 levels left

rFire  + . .     SeeInvis .     q - -2 hand crossbow (curse)
rCold  x . .     Gourm    .     m - +0 plate armour
rNeg   + . .     Faith    +     (no shield)
rPois  .         Spirit   .     t - +0 helmet
rElec  .         Dismiss  .     (no cloak)
rCorr  .         Reflect  .     (no gloves)
SustAt .         Harm     .     z - +0 pair of boots
MR     .....                    y - amulet of faith
Stlth  ..........               p - ring of positive energy
                                k - ring of fire

@: not resistant to hostile enchantments, extremely unstealthy
A: deterioration 1, frail 1
a: Depart the Abyss, Bend Space, Renounce Religion


You were on level 3 of the Dungeon.
You worshipped Lugonu.
Lugonu was pleased with you.
You were very full.

You visited 1 branch of the dungeon, and saw 3 of its levels.
You visited the Abyss 1 time.

You collected 143 gold pieces.

Inventory:

Hand Weapons
 a - a +1 spear
 q - a cursed -2 hand crossbow (weapon)
 s - a +1 short sword of protection
 x - a +0 long sword
Missiles
 n - 24 stones (quivered)
Armour
 b - a +0 leather armour
 f - a +0 robe
 m - a +0 plate armour (worn)
 t - a +0 helmet (worn)
 z - a +0 pair of boots (worn)
Jewellery
 c - an uncursed amulet of the gourmand
 k - a ring of fire (left hand)
 p - a ring of positive energy (right hand)
 y - an amulet of faith (around neck)
Scrolls
 d - 2 scrolls of blinking {unknown}
 e - 4 scrolls of remove curse {unknown}
 g - 2 scrolls of teleportation {unknown}
 j - a scroll of fog {unknown}
 u - a scroll of amnesia {unknown}
Potions
 h - a potion of degeneration
 B - a potion of invisibility {unknown}
Comestibles
 i - a slice of pizza
 A - a bread ration


   Skills:
 + Level 4.6 Fighting
 + Level 3.5 Polearms
 + Level 1.2 Crossbows
 + Level 3.2 Armour
 + Level 1.0 Dodging
 + Level 2.4 Invocations


You had 4 spell levels left.
You didn't know any spells.

Dungeon Overview and Level Annotations

Branches:
Dungeon (3/15)

Altars:
Ashenzari
Gozag


Innate Abilities, Weirdness & Mutations

Your body sometimes deteriorates upon taking damage.
You are frail (-10% HP).


Message History

The worm is lightly wounded.
The worm completely misses you.
You completely miss the worm.
The worm is lightly wounded.
The worm barely misses you.
Your plate armour prevents you from hitting the worm.
The worm bites you.
* * * LOW HITPOINT WARNING * * *
You clumsily bash the worm but do no damage.
The worm bites you.
* * * LOW HITPOINT WARNING * * *
You clumsily bash the worm but do no damage.
You barely miss the worm. The worm barely misses you.
Unknown command.
You clumsily bash the worm but do no damage.
The worm bites you.
* * * LOW HITPOINT WARNING * * *
You clumsily bash the worm but do no damage.
The worm bites you!
You die...

#... . ...#.
#..(. #(..#
#...#
.####..(# .#
......()# .#
.####.#w##.#
......#@..$#
#(....#
#.....#
#.....#
##...##
#.)## ##..#
#.#.# ##..#


You could see a worm.

Vanquished Creatures
  3 gnolls (D:3)
  4 adders (D:2)
  An ooze (D:2)
  2 dart slugs
  2 giant cockroaches
  4 goblins
  4 hobgoblins
  4 jackals (D:2)
  7 kobolds
  3 ball pythons
  3 bats
  3 giant newts
  8 rats
48 creatures vanquished.

Notes
Turn   | Place    | Note
--------------------------------------------------------------
     0 | Abyss:1  | GreamJoe the Hill Orc Abyssal Knight began the quest for the Orb.
     0 | Abyss:1  | Reached XP level 1. HP: 19/19 MP: 2/2
    10 | D:1      | Escaped the Abyss
   150 | D:1      | HP: 1/20 [giant cockroach (2)]
   155 | D:1      | Reached skill level 4 in Fighting
   155 | D:1      | Reached XP level 2. HP: 1/27 MP: 3/3
   818 | D:2      | Reached ** piety under Lugonu
   818 | D:2      | Reached XP level 3. HP: 26/33 MP: 4/4
  1071 | D:2      | Reached skill level 1 in Dodging
  1138 | D:2      | Reached XP level 4. HP: 20/41 MP: 5/5
  1293 | D:2      | Found a shattered altar of Ashenzari.
  1293 | D:2      | Found an opulent altar of Gozag.
  1774 | D:3      | Gained mutation: You are frail (-10% HP). [potion of mutation]
  1774 | D:3      | Gained mutation: Your body sometimes deteriorates upon taking damage. [potion of mutation]
  1934 | D:3      | Reached skill level 1 in Crossbows
  1945 | D:3      | Reached XP level 5. HP: 17/42 MP: 6/6
  1968 | D:3      | HP: 2/42 [worm (2)]
  1969 | D:3      | Slain by a worm

Skill      XL: |  1  2  3  4 |
---------------+-------------+-----
Fighting       | 4 |  4.6
Polearms       | 3 |  3.5
Dodging        | 1 |  1.0
Armour         | 3 |  3.2
Crossbows      | 1 |  1.2
Invocations    | |  2.4

Action                   |  1- 3 |  4- 6 || total
-------------------------+-------+-------++-------
Melee: Spear             |   119 |    10 ||   129
       Hand crossbow     |       |    14 ||    14
 Fire: Hand crossbow     |       |    60 ||    60
Throw: Tomahawk          |       |     5 ||     5
       Stone             |       |     8 ||     8
  Use: Potion            |     2 |     6 ||     8
  Eat: Bread ration      |     2 |       ||     2
       Meat ration       |       |     1 ||     1
Armor: Leather armour    |    18 |       ||    18
       Plate armour      |    60 |   125 ||   185
Dodge: Dodged            |    46 |    26 ||    72
